 Dungeon Crawl Stone Soup version 0.28.0-53-g5a82cb258f (webtiles) character file.

Game seed: 1862742732398715140

135 Revguard the Sneak (level 4, -3/26 HPs)
             Began as a Deep Elf Brigand on June 10, 2022.
             Hit by a stone thrown by a wight (5 damage)
             ... on level 3 of the Dungeon.
             The game lasted 00:05:35 (2940 turns).

Revguard the Sneak (Deep Elf Brigand)               Turns: 2940, Time: 00:05:36

Health: -3/26      AC:  6    Str:  8    XL:     4   Next: 97%
Magic:  8/8        EV: 12    Int: 16    God:
Gold:   77         SH:  0    Dex: 18    Spells: 6/6 levels left

rFire   . . .      SeeInvis .   h - +1 dagger (elec)
rCold   . . .      Faith    .   (no shield)
rNeg    . . .      Spirit   .   b - +0 robe
rPois   .          Reflect  .   g - +2 helmet
rElec   .          Harm     .   c - +0 cloak
rCorr   .          Rampage  .   (no gloves)
Will    .....                   (no boots)
Stlth   +++.......              (no amulet)
HPRegen 0.08/turn               (no ring)
MPRegen 0.11/turn               (no ring)

@: no status effects
A: no striking features
a: no special abilities


You were on level 3 of the Dungeon.
You visited 1 branch of the dungeon, and saw 3 of its levels.

You collected 77 gold pieces.

Inventory:

Hand Weapons
 a - a +2 dagger
 h - a +1 dagger of electrocution (weapon)
Missiles
 d - 8 poisoned darts (quivered)
 i - 2 curare-tipped darts
Armour
 b - a +0 robe (worn)
 c - a +0 cloak (worn)
 g - a +2 helmet (worn)
Wands
 e - a wand of digging (2)
Scrolls
 f - 3 scrolls of noise {unknown}
 k - a scroll of teleportation {unknown}
Potions
 j - a potion of magic {unknown}
 l - a potion of ambrosia {unknown}


   Skills:
 + Level 2.0 Fighting
 + Level 2.5 Short Blades
 - Level 2.0 Throwing
 + Level 0.8 Armour
 + Level 2.1 Dodging
 * Level 5.6 Stealth
 + Level 1.7 Spellcasting
 + Level 1.7 Hexes
 + Level 1.5 Evocations


You had 6 spell levels left.
You didn't know any spells.
Your spell library was empty.

Dungeon Overview and Level Annotations

Branches:
Dungeon (3/15)

Altars:

Shops:
D:2 ?


Message History

Search for what [? for help]? armor A frilled lizard comes into view.
A wight comes into view.
It is wielding a +4 hand axe of freezing.
The wight moves out of view.
The frilled lizard hisses angrily.
The frilled lizard bites you but does no damage.
You closely miss the frilled lizard. The frilled lizard closely misses you.
You barely miss the frilled lizard.
The frilled lizard bites you but does no damage.
You hit the frilled lizard.
You kill the frilled lizard!
You see here a frilled lizard corpse.
A bat comes into view.
The helpless bat fails to defend itself.
You impale the bat!!
You kill the bat! 2 wights come into view.
You hit the wight but do no damage. The wight barely misses you.
You hit the wight but do no damage. The wight closely misses you.
The wight hits you with a +4 hand axe of freezing.
The wight freezes you.
You hit the wight but do no damage. Lightning courses through the wight!
You destroy the wight!
Your Fighting skill increases to level 2!
You hit the wight.
The wight is lightly damaged.
The wight hits you with a +0 scimitar!
You hit the wight but do no damage.
The wight is lightly damaged.
The wight misses you.
You hit the wight but do no damage.
The wight is lightly damaged.
The wight hits you with a +0 scimitar.
You barely miss the wight.
The wight is lightly damaged.
The wight hits you with a +0 scimitar!
* * * LOW HITPOINT WARNING * * *
Okay, then.
The wight throws a stone.
The stone hits you.
You die...

###.. ....###...... ....
........... ... .....##.#
#+###.# #..##.#
###.....#### #.....#
#........).######.#####...
.#.###.##................
#......#.###.###†##.....
#.###.##@.........#.#...
#...z......###..#.#...
.........................
#.#.#.####.##..###..#.#...
.. #. #z##..###..#.#... #.
.. .................. # ..
..##...##....#...# .##
####...##....#....
................


You could see 2 wights.

Vanquished Creatures
  A wight (D:3)
  Robin (D:2)
  2 adders (D:2)
  2 dart slugs
  2 endoplasms (D:1)
  4 giant cockroaches
  10 goblins
  2 hobgoblins (D:1)
  6 jackals (D:2)
  2 quokkas
  3 ball pythons
  9 bats
  4 frilled lizards
  8 kobolds
  5 rats
61 creatures vanquished.

Notes
Turn   | Place    | Note
-------+----------+-------------------------------------------
     0 | D:1      | Revguard the Deep Elf Brigand began the quest for the Orb.
     0 | D:1      | Reached XP level 1. HP: 12/12 MP: 3/3
   267 | D:1      | Found a faded altar of an unknown god.
   350 | D:1      | Reached skill level 5 in Stealth
   350 | D:1      | Reached XP level 2. HP: 13/16 MP: 4/4
  1070 | D:1      | Reached XP level 3. HP: 20/21 MP: 6/6
  1086 | D:1      | Reached skill level 1 in Spellcasting
  1375 | D:1      | Reached skill level 1 in Hexes
  1540 | D:2      | HP: 1/21 [kobold/+0 short sword (1)]
  1877 | D:2      | Found Xypakyem's Magic Scroll Boutique.
  1885 | D:2      | Reached skill level 1 in Evocations
  1976 | D:2      | Noticed Robin
  1997 | D:2      | HP: 1/21 [goblin/+0 club[Robin] (5)]
  2404 | D:2      | Killed Robin
  2450 | D:2      | Reached XP level 4. HP: 26/26 MP: 6/8
  2940 | D:3      | Hit by a stone thrown by a wight

Illustrated notes

Levels and vault maps discovered:
D:1:      psy_arrival_spokes, layout_basic,
          hellmonk_ecumenical_altar_crossroads, due_unseen_surprise
D:2:      layout_basic, serial_shops, shop_scrolls, uniq_robin
D:3:      layout_basic, serial_shops, nicolae_square_shop,
          kennysheep_pointless_box, minmay_misc_feat_square

Skill      XL: |  1  2  3  4 |
---------------+-------------+-----
Stealth        | 5 |  5.6
Spellcasting   | 1 |  1.7
Hexes          | 1 |  1.7
Evocations     | 1 |  1.5
Dodging        | 2 |  2.1
Fighting       | 2 |  2.0
Short Blades   | |  2.5
Throwing       | |  2.0
Armour         | |  0.8

Action                   |  1- 3 |  4- 6 || total
-------------------------+-------+-------++-------
Melee: Dagger            |   154 |    54 ||   208
       Punch             |     3 |     1 ||     4
Throw: Dart              |    10 |       ||    10
 Stab: Sleeping          |    12 |     3 ||    15
Armor: Robe              |    62 |    16 ||    78
Dodge: Dodged            |   121 |    29 ||   150
